AoeStats
← dontstay02

Arabia

505073791Analyzed
2v2 RM · 2mo ago on Sep 7, 2026· 48m 17s· 4 players
Game mode
Random Map
Map size
Medium (4 player)
Population
200
Speed
Normal
Resources
Standard
Victory
Conquest
Starting age
Dark Age
Ending age
Imperial Age
RankedLock teamsTeams togetherTeam positionsShared explorationLock speedFull tech treeHidden civsTurbo modeCheats
Victory
Defeat
🇩🇪 Khitans · Germany
1218
+15
🇬🇧 Sicilians · United Kingdom
1216
+15
vs
🇩🇪 Berbers · Germany
1192
-15
🇬🇧 Dravidians · United Kingdom
1192
-15
KRG_Redfish
6:59 Loom
9:25 Feudal Age
9:36 Man-at-Arms
10:05 Double-Bit Axe
10:08 Arson
16:40 Fletching
23:49 Castle Age
23:50 Padded Archer Armor
24:02 Crossbowman
25:07 Bow Saw
24:54 Bodkin Arrow
24:40 Horse Collar
24:25 Pikeman
25:06 Squires
25:52 Thumb Ring
27:38 Leather Archer Armor
27:50 Ballistics
30:11 Scale Mail Armor
30:21 Forging
30:30 Gold Mining
30:30 Stone Mining
30:44 Town Watch
33:47 Wheelbarrow
34:48 Heavy Plow
37:51 Imperial Age
35:21 Long Swordsman
35:46 Gambesons
38:07 Two-Handed Swordsman
39:12 Champion
42:51 Iron Casting
42:31 Chain Mail Armor
43:17 Elite Elephant Archer
45:47 Husbandry
47:27 Wootz Steel
ponken
7:29 Loom
9:38 Feudal Age
14:09 Double-Bit Axe
15:02 Man-at-Arms
24:54 Castle Age
24:23 Bloodlines
24:32 Gold Mining
24:25 Horse Collar
26:35 Scale Barding Armor
31:11 Chain Barding Armor
31:58 Husbandry
32:24 Forging
49:21 Imperial Age
david.down
7:08 Loom
10:01 Feudal Age
12:25 Double-Bit Axe
17:32 Wheelbarrow
21:40 Gold Mining
27:19 Castle Age
25:33 Scale Mail Armor
25:54 Fletching
26:00 Horse Collar
27:04 Stone Mining
28:49 Hand Cart
28:40 Pikeman
30:04 Chain Mail Armor
31:35 Bodkin Arrow
32:19 Arson
33:05 Murder Holes
34:16 Forging
35:45 Iron Casting
36:15 Masonry
36:45 Bow Saw
42:02 Imperial Age
41:11 Stone Shaft Mining
42:24 Heavy Plow
42:18 Capped Ram
43:14 Bracer
44:02 Gold Shaft Mining
44:36 Conscription
43:41 Siege Ram
45:46 Plate Mail Armor
45:45 Halberdier
47:18 Squires
47:06 Arrowslits
dontstay02
11:22 Loom
14:28 Feudal Age
16:14 Domestication
19:23 Castle Age
17:14 Double-Bit Axe
17:21 Domestication
19:15 Gold Mining
20:27 Forging
20:22 Scale Barding Armor
27:31 Wheelbarrow
26:41 Town Watch
29:09 Pastoralism
29:25 Elite Skirmisher
30:12 Fletching
31:36 Iron Casting
31:08 Bodkin Arrow
33:55 Bow Saw
34:53 Padded Archer Armor
35:30 Ballistics
36:08 Lamellar Armor
37:24 Iron Casting
37:25 Husbandry
37:48 Chain Barding Armor
38:06 Hand Cart
38:33 Leather Archer Armor
43:42 Imperial Age
41:21 Scale Mail Armor
42:30 Masonry
42:35 Stone Mining
43:27 Chain Mail Armor
43:24 Squires
44:14 Elite Liao Dao
44:57 Arson
45:23 Town Patrol
46:39 Chemistry
47:17 Plate Mail Armor
47:24 Light Cavalry
48:27 Bracer
49:01 Conscription
Connection lost

Rejoining the realm…

Still unreachable

The connection could not be restored.

Session expired

The server has moved on; the page needs a fresh start.